 Dungeon Sprint DCSS version 0.28-a0-683-ga8797d1ae1 (webtiles) character file.

Game seed: 810666094766239457

480 dduke234 the Spry (level 10, -2/47 HPs)
             Began as a Spriggan Monk on Oct 4, 2021.
             Was a High Priest of Jiyva.
             Slain by a merfolk impaler (18 damage)
             ... in the Dungeon (Sprint VI: "Thunderdome") on Oct 18, 2021.
             The game lasted 00:16:16 (1556 turns).

dduke234 the Spry (Spriggan Monk)                   Turns: 1556, Time: 00:16:17

Health: -2/47      AC:  4    Str: 11    XL:     10   Next: 23%
Magic:  29/29      EV: 42    Int:  6    God:    Jiyva [*****.]
Gold:   171        SH:  4    Dex: 29    Spells: 9/9 levels left

rFire   + + .      SeeInvis +   a - +0 short sword
rCold   + . .      Faith    .   (shield restricted)
rNeg    + + +      Spirit   .   s - +1 robe of Noxious Surprise {MP+9}
rPois   .          Reflect  .   (helmet restricted)
rElec   .          Harm     .   q - scarf {rC+ rF+}
rCorr   +          Rampage  .   (gloves unavailable)
Will    +....      NoTele   +   (boots unavailable)
Stlth   +++++++...              n - amulet "Dayruse" {rF- rN+++ Regen+ Int-5 SInv}
HPRegen 1.15/turn               p - ring of Quekan {rN+ MP+9 Str+2 Dex+7}
MPRegen 0.21/turn               o - ring "Jaufik" {Fly rF++ Str-2 Dex+6 Slay+3}

@: flying, very quick
A: very small, no large weapons, unfitting armour, see invisible, speed 3, horns
1, large bone plates 1, dopey 1, gelatinous body 1
}: 1/15 runes: decaying
a: Renounce Religion, Request Jelly, Slimify, Cure Bad Mutation


You were in the Dungeon.
You worshipped Jiyva.
Jiyva was extremely pleased with you.
You visited 1 branch You collected 830 gold pieces.
You spent 659 gold pieces at shops.

Inventory:

Hand Weapons
 a - a +0 short sword (weapon)
Armour
 b - a +0 robe
 q - a scarf of resistance (worn)
 s - the +1 robe of Noxious Surprise (worn) {MP+9}
   (You bought it in a shop in the Dungeon)

   MP:        It affects your magic capacity (+9).
Jewellery
 m - the ring of Aranytz {Fly Dex+7}
   (You bought it in a shop in the Dungeon)

   [ring of flight]

   Dex:       It affects your dexterity (+7).
   Fly:       It grants you flight.
 n - the amulet "Dayruse" (around neck) {rF- rN+++ Regen+ Int-5 SInv}
   (You bought it in a shop in the Dungeon)

   [amulet of regeneration]

   Int:       It affects your intelligence (-5).
   rF:        It makes you vulnerable to fire.
   rN:        It renders you almost immune to negative energy.
   SInv:      It lets you see invisible.
   Regen:     It increases your rate of health regeneration.
 o - the ring "Jaufik" (right hand) {Fly rF++ Str-2 Dex+6 Slay+3}
   (You bought it in a shop in the Dungeon)

   [ring of dexterity]

   Str:       It affects your strength (-2).
   Dex:       It affects your dexterity (+6).
   Slay:      It affects your accuracy & damage with ranged weapons and melee
   (+3).
   rF:        It greatly protects you from fire.
   Fly:       It grants you flight.
 p - the ring of Quekan (left hand) {rN+ MP+9 Str+2 Dex+7}
   (You bought it in a shop in the Dungeon)

   [ring of magical power]

   Str:       It affects your strength (+2).
   Dex:       It affects your dexterity (+7).
   rN:        It protects you from negative energy.
   MP:        It affects your magic capacity (+9).
 r - a ring of protection from cold
Wands
 j - a wand of acid (3)
 k - a wand of iceblast (3)
Scrolls
 h - 4 scrolls of blinking
 l - 3 scrolls of fog
Potions
 c - a potion of curing
 d - 3 potions of heal wounds
 e - 4 potions of haste
 f - 2 potions of magic
 g - a potion of berserk rage
 i - a potion of resistance


   Skills:
 - Level 2.4 Fighting
 * Level 16.3 Short Blades
 * Level 17.7 Dodging
 * Level 15.0 Stealth
 + Level 1.3 Shields
 + Level 4.1 Evocations


You had 9 spell levels left.
You didn't know any spells.
Your spell library was empty.

Dungeon Overview and Level Annotations

Branches:
Dungeon (1/1)

Altars:
Cheibriados
Dithmenos
Fedhas
Gozag
Kikubaaqudgha
Makhleb
Okawaru
Qazlal
Ru
Sif Muna
Trog
Uskayaw
Vehumet
Wu Jian
Xom
Yredelemnul
Zin
The Shining One
Beogh
Jiyva
Lugonu

Shops:
D *[??*?*:[((!!!!


Innate Abilities, Weirdness & Mutations

You are very small and have problems with some larger weapons.
You are too small for most types of armour.
You have supernaturally acute eyesight. (SInv)
You cover ground extremely quickly. (Speed+++)
You have a pair of small horns on your head.
You are partially covered in large bone plates. (SH +4)
You are dopey. (Int -2)
Your rubbery body absorbs attacks. (AC +1, EV +1)


Message History

The merfolk impaler freezes you.
You hit the merfolk impaler but do no damage.
You headbutt the merfolk impaler, but do no damage.
The merfolk impaler completely misses you.
You hit the merfolk impaler.
The merfolk impaler is lightly wounded.
You barely miss the merfolk impaler. You headbutt the merfolk impaler!
The merfolk impaler is lightly wounded.
The merfolk impaler completely misses you.
You completely miss the merfolk impaler.
The merfolk impaler is lightly wounded.
The merfolk impaler completely misses you.
You hit the merfolk impaler.
Your headbutt misses the merfolk impaler.
The merfolk impaler is lightly wounded.
The merfolk impaler completely misses you.
You hit the merfolk impaler.
Your headbutt misses the merfolk impaler.
The merfolk impaler is lightly wounded.
The merfolk impaler completely misses you.
You barely miss the merfolk impaler.
The merfolk impaler is lightly wounded.
The merfolk impaler hits you with a +1 trident of freezing!
The merfolk impaler freezes you.
You hit the merfolk impaler. You headbutt the merfolk impaler!
The merfolk impaler is moderately wounded.
You barely miss the merfolk impaler.
Your headbutt misses the merfolk impaler.
The merfolk impaler is moderately wounded.
The merfolk impaler hits you with a +1 trident of freezing!
The merfolk impaler freezes you.
* * * LOW HITPOINT WARNING * * *
You puncture the merfolk impaler!
The merfolk impaler is heavily wounded.
The merfolk impaler misses you.
You puncture the merfolk impaler!
Your headbutt misses the merfolk impaler.
The merfolk impaler is heavily wounded.
The merfolk impaler hits you with a +1 trident of freezing!!
You die...

######.8.........8.#
##..._......###......
###∩........8.# #.8....
##.............###......
#⌠..........###...###...
#⌠..........# #.<.# #...
#⌠..........###...###...
##.............###......
###∩..@m....8.# #.8....
##∩___......###......
######.8.........8.#
#⌠...........⌠#
###.........###
#_......._# #_......._#
#_......._# #∩.......∩#


You could see a merfolk impaler.

Vanquished Creatures
  A wizard (D)
  A harpy (D)
  2 kobold demonologists (D)
  2 queen bees (D)
  A water elemental (D)
  Sigmund (D)
  2 ice beasts (D)
  2 kobold brigands (D)
  A scorpion (D)
  4 killer bees (D)
  Terence (D)
  3 ogre simulacra (D)
  A white imp (D)
  An ufetubus (D)
  An adder skeleton (D)
  A dart slug (D)
  An orc (D)
  A hobgoblin (D)
  2 kobolds (D)
  A ball python (D)
  A frilled lizard (D)
31 creatures vanquished.

Vanquished Creatures (others)
  An ice beast (D)
  4 jellies (D)
  An orc (D)
6 creatures vanquished.

Grand Total: 37 creatures vanquished

Notes
Turn   | Place    | Note
-------+----------+-------------------------------------------
     0 | D        | dduke234 the Spriggan Monk began the quest for the Orb.
     0 | D        | Reached XP level 1. HP: 11/11 MP: 2/2
     4 | D        | Found a blossoming altar of Fedhas.
     4 | D        | Found a glowing silver altar of Zin.
     5 | D        | Found a bloodstained altar of Trog.
     5 | D        | Found a shimmering blue altar of Sif Muna.
     6 | D        | Found a hide-covered altar of Uskayaw.
     7 | D        | Found Bacen's Identification Station.
     7 | D        | Found an iron altar of Okawaru.
     8 | D        | Found Quopura's Advanced Armour.
     8 | D        | Found Doceyvvisi's Jewellery.
     9 | D        | Round 1.
    30 | D        | Bought a crude steel ring for 45 gold pieces
    30 | D        | Identified the ring of Aranytz {Fly Dex+7} (You bought it
                  | in a shop in the Dungeon)
    30 | D        | Bought a slimy tin amulet for 45 gold pieces
    30 | D        | Identified the amulet "Dayruse" {rF- rN+++ Regen+ Int-5
                  | SInv} (You bought it in a shop in the Dungeon)
    30 | D        | Bought a brightly glowing silver ring for 45 gold pieces
    30 | D        | Identified the ring "Jaufik" {Fly rF++ Str-2 Dex+6 Slay+3}
                  | (You bought it in a shop in the Dungeon)
    30 | D        | Bought a pitted marble ring for 45 gold pieces
    30 | D        | Identified the ring of Quekan {rN+ MP+9 Str+2 Dex+7} (You
                  | bought it in a shop in the Dungeon)
    76 | D        | Found a shimmering altar of Xom.
    76 | D        | Found a viscous altar of Jiyva.
   103 | D        | Noticed a scorpion
   106 | D        | Noticed Terence
   112 | D        | Found a shadowy altar of Dithmenos.
   129 | D        | Killed a scorpion
   130 | D        | Reached skill level 7 in Dodging
   130 | D        | Reached skill level 5 in Stealth
   130 | D        | Reached XP level 2. HP: 13/16 MP: 3/3
   130 | D        | Reached XP level 3. HP: 15/19 MP: 4/4
   134 | D        | Found Qial's Premium Goods.
   135 | D        | Found Vulaschi's Miscellaneous Merchandise.
   135 | D        | Found Virix's Basic Armour.
   146 | D        | Killed Terence
   146 | D        | Arena points: 14 (+14) [x2]
   147 | D        | Reached skill level 8 in Dodging
   147 | D        | Reached XP level 4. HP: 18/23 MP: 5/5
   147 | D        | Found a basalt altar of Yredelemnul.
   147 | D        | Found a burning altar of Makhleb.
   147 | D        | Found a radiant altar of Vehumet.
   147 | D        | Found Fialep's Weapon Rack.
   179 | D        | Found a stormy altar of Qazlal.
   192 | D        | Found a snail-covered altar of Cheibriados.
   193 | D        | Found a corrupted altar of Lugonu.
   193 | D        | Found Teic's Do-It-Yourself Clinic.
   195 | D        | Found Ceroasoa's Bottled Wisdom.
   195 | D        | Found Voaco Hyodd's Distillery.
   196 | D        | Found an ornate altar of the Wu Jian Council.
   196 | D        | Found a glowing golden altar of the Shining One.
   196 | D        | Found a sacrificial altar of Ru.
   196 | D        | Found Xoipnulu's Distillery.
   201 | D        | Found an opulent altar of Gozag.
   202 | D        | Found an ancient bone altar of Kikubaaqudgha.
   207 | D        | Found Jecs's Staff Store.
   207 | D        | Found Cewalif's Must-Have Magic.
   208 | D        | Found Nemoehi's Magic Scroll Shop.
   209 | D        | Found Zeqo's Magic Scroll Shop.
   241 | D        | Became a worshipper of Jiyva Jeru the Shapeless
   241 | D        | Reached * piety under Jiyva
   241 | D        | Reached ** piety under Jiyva
   241 | D        | Round 2.
   250 | D        | Noticed Sigmund
   312 | D        | Killed Sigmund
   312 | D        | Arena points: 56 (+42) [x3]
   313 | D        | Reached skill level 10 in Dodging
   313 | D        | Reached skill level 1 in Evocations
   313 | D        | Reached XP level 5. HP: 26/27 MP: 6/6
   358 | D        | Reached *** piety under Jiyva
   358 | D        | Gained mutation: You are partially covered in large bone
                  | plates. (SH +4) [Jiyva's grace]
   358 | D        | Reached **** piety under Jiyva
   358 | D        | Gained mutation: Your rubbery body absorbs attacks. (AC +1,
                  | EV +1) [Jiyva's grace]
   369 | D        | Round 3.
   389 | D        | Reached skill level 10 in Short Blades
   389 | D        | Reached skill level 11 in Dodging
   389 | D        | Reached XP level 6. HP: 25/32 MP: 7/7
   399 | D        | Noticed a queen bee
   440 | D        | Killed a queen bee
   441 | D        | Reached skill level 12 in Dodging
   455 | D        | Reached XP level 7. HP: 35/35 MP: 8/8
   513 | D        | Noticed a queen bee
   519 | D        | Killed a queen bee
   519 | D        | Arena points: 140 (+84) [x4]
   520 | D        | Reached skill level 13 in Dodging
   569 | D        | Round 4.
   646 | D        | Noticed Sonja
   655 | D        | Slimified Sonja
   655 | D        | Noticed Sonja
   655 | D        | Sonja changed into Sonja the slime creature
   656 | D        | Gained mutation: You are dopey. (Int -2) [Jiyva's grace]
   656 | D        | Reached ***** piety under Jiyva
   665 | D        | Noticed a kobold demonologist
   680 | D        | Noticed a sixfirhy
   690 | D        | Noticed an ice devil
   695 | D        | Killed a kobold demonologist
   696 | D        | Reached skill level 14 in Dodging
   696 | D        | Reached skill level 10 in Stealth
   696 | D        | Reached XP level 8. HP: 39/39 MP: 9/9
   736 | D        | Gained mutation: You have a pair of small horns on your
                  | head. [Jiyva's grace]
   781 | D        | Reached skill level 1 in Shields
   781 | D        | Noticed a kobold demonologist
   813 | D        | Killed a kobold demonologist
   814 | D        | Reached skill level 15 in Dodging
   885 | D        | Arena points: 168 (+28) [x1]
   909 | D        | Round 5.
   910 | D        | Noticed a witch
   929 | D        | Killed a witch
   929 | D        | Arena points: 288 (+120) [x3]
   930 | D        | Reached skill level 15 in Short Blades
   930 | D        | Reached skill level 16 in Dodging
   930 | D        | Reached XP level 9. HP: 43/43 MP: 10/10
   936 | D        | Got a decaying rune of Zot
   938 | D        | Reached skill level 17 in Dodging
   938 | D        | Reached XP level 10. HP: 47/47 MP: 11/11
  1158 | D        | Round 6.
  1395 | D        | Arena points: 480 (+192) [x4]
  1413 | D        | Bought a glowing scarf for 280 gold pieces
  1413 | D        | Bought a steaming robe for 199 gold pieces
  1413 | D        | Identified the +1 robe of Noxious Surprise {MP+9} (You
                  | bought it in a shop in the Dungeon)
  1428 | D        | Upgraded the game from 0.28-a0-595-g9f6c0e134a to
                  | 0.28-a0-683-ga8797d1ae1
  1451 | D        | Round 7.
  1453 | D        | Noticed a harpy
  1468 | D        | Killed a harpy
  1469 | D        | Reached skill level 15 in Stealth
  1511 | D        | Noticed a manticore
  1534 | D        | Noticed a merfolk impaler
  1556 | D        | Slain by a merfolk impaler

Illustrated notes

Levels and vault maps discovered:
D:        arena_sprint

Skill      XL: |  1  2  3  4  5  6  7  8  9 10 |
---------------+-------------------------------+-----
Short Blades   | 6 7 9 10 11 13 15 16 | 16.3
Dodging        | 7 8 10 11 12 14 16 17 | 17.7
Stealth        | 5 7 8 9 10 12 13 15 | 15.0
Evocations     | 1 2 3 4 |  4.1
Shields        | 1 |  1.3
Fighting       | |  2.4

Action                   |  1- 3 |  4- 6 |  7- 9 | 10-12 || total
-------------------------+-------+-------+-------+-------++-------
Melee: Short sword       |    30 |    61 |    56 |    75 ||   222
       Headbutt          |       |       |    11 |    30 ||    41
Invok: Request Jelly     |       |     4 |       |       ||     4
       Slimify           |       |       |     1 |       ||     1
Evoke: Wand              |     2 |     2 |       |       ||     4
  Use: Potion            |       |       |     1 |     1 ||     2
 Stab: Distracted        |       |       |     1 |       ||     1
       Confused          |       |       |     3 |       ||     3
Armor: Robe              |       |       |     1 |       ||     1
Dodge: Dodged            |    22 |    61 |    38 |    50 ||   171
Block: Other             |       |     5 |     3 |     4 ||    12

Table legend: (Time is in decaauts)
 A = Elapsed time spent in this place.
 B = Non-inter-level travel time spent in this place.
 C = Inter-level travel time spent in this place.
 D = Time resting spent in this place.
 E = Time spent auto-exploring this place.
 F = Levels seen in this place.
 G = Mean time per level.
                   A        B        C        D        E       F      G
               +--------+--------+--------+--------+--------+-----+--------+
         Total |   1034 |   1018 |     16 |      0 |     70 |   1 | 1034.0 |
       Dungeon |   1034 |   1018 |     16 |      0 |     70 |   1 | 1034.0 |
               +--------+--------+--------+--------+--------+-----+--------+

Top non-repeatable levels by time:
       D: 1034 daAuts
